Map: White Rabbit LE

Players

KKSmileCrow - Winner!

  • Race: Terran Terran
  • League: Diamond
  • Spawn Location: 7:00

HoldTheDoor

  • Race: Protoss Protoss
  • League: Diamond
  • Spawn Location: 1:00

VOD

Have the link to the VOD?

Description

Time

  • Played on: May 23, 2026, 12:42 p.m.
  • Length: 13:07
Show
View Real Time Build Order
Export as new Build Order

KKSmileCrow Terran - Winner!

Build Orders:  

Get SALT Encoding   

  12  0:00  SCV  
  13  0:12  SCV  
  14  0:17  Supply Depot  
  14  0:24  SCV  
  15  0:39  SCV  
  15  0:41  Barracks  
  16  0:44  Refinery  
  16  0:51  SCV  
  17  1:03  SCV  
  18  1:15  SCV  
  20  1:34  Orbital Command  
  20  1:37  Reaper  
  20  1:48  Command Center  
  20  1:57  Supply Depot  
  20  2:00  SCV  
  21  2:09  Marine  
  21  2:12  SCV  
  23  2:24  SCV  
  23  2:28  Factory  
  24  2:38  SCV  
  24  2:40  Refinery  
  25  2:46  Barracks Reactor  
  25  2:55  Command Center, SCV  
  26  3:07  SCV  
  26  3:10  Orbital Command  
  27  3:18  Starport  
  27  3:19  SCV  
  28  3:22  Factory Tech Lab  
  28  3:23  Marine x2  
  30  3:31  SCV  
  31  3:35  Barracks  
  31  3:37  SCV  
  32  3:41  Marine  
  32  3:46  Siege Tank  
  32  3:48  SCV  
  37  3:50  SCV  
  38  3:57  Starport Tech Lab  
  38  3:59  Barracks  
  38  4:00  SCV  
  39  4:05  Marine x2  
  41  4:14  Supply Depot  
  41  4:19  Liberator  
  41  4:20  SCV  
  41  4:22  SCV, Marine  
  41  4:23  Marine  
  48  4:31  Orbital Command  
  48  4:38  SCV  
  48  4:39  SCV  
  48  4:42  Supply Depot  
  48  4:43  Factory Reactor, Stimpack  
  48  4:45  Marauder  
  52  4:50  SCV  
  53  4:54  Marine x2  
  53  4:59  SCV x2  
  57  5:03  Engineering Bay  
  57  5:04  Refinery  
  57  5:14  Starport Reactor, Barracks  
  57  5:15  Combat Shield  
  57  5:16  Barracks  
  57  5:18  SCV x3  
  60  5:22  Refinery  
  60  5:23  Marine x2  
  62  5:31  Supply Depot  
  62  5:32  Terran Infantry Weapons Level 1, SCV  
  62  5:33  SCV x2  
  65  5:36  Widow Mine x2  
  65  5:40  Supply Depot  
  69  5:43  Marine x2  
  69  5:44  Marauder  
  69  5:45  SCV  
  69  5:48  Marauder  
  69  5:49  SCV  
  77  5:53  SCV  
  77  5:54  Supply Depot  
  78  5:59  Medivac  
  80  6:05  Marauder  
  80  6:07  Barracks Reactor, Barracks Tech Lab  
  79  6:16  Supply Depot  
  79  6:18  Supply Depot, Marine x2  
  79  6:20  Marauder, Widow Mine  
  79  6:21  Widow Mine  
  79  6:23  Medivac  
  89  6:29  SCV  
  89  6:30  SCV, Bunker  
  89  6:31  Bunker  
  91  6:38  Supply Depot  
  91  6:39  Marauder, Concussive Shells  
  93  6:40  SCV  
  93  6:44  Widow Mine x2  
  93  6:45  Marauder  
  93  6:46  Marauder  
  102  6:48  Marine x2  
  102  6:50  Marine  
  102  6:51  Marine  
  106  6:56  Orbital Command  
  106  7:03  Marine  
  107  7:10  SCV x2  
  109  7:19  Marine x3  
  109  7:20  Marine  
  109  7:21  Marauder x2  
  109  7:22  Marauder  
  123  7:23  Widow Mine x2, Medivac  
  123  7:28  Refinery  
  125  7:30  Refinery  
  125  7:33  Barracks  
  125  7:35  Barracks x2  
  125  7:36  Terran Infantry Armor Level 1  
  125  7:39  Supply Depot  
  125  7:42  Supply Depot  
  125  7:44  Medivac  
  127  7:47  Marine x3  
  127  7:49  Marine  
  131  7:52  Marauder  
  133  8:01  Supply Depot, Marauder  
  133  8:04  Supply Depot  
  135  8:08  Engineering Bay  
  135  8:11  Armory  
  135  8:12  Supply Depot  
  135  8:14  Marauder  
  135  8:19  SCV  
  138  8:23  Marine x2, Sensor Tower  
  138  8:25  Barracks Reactor x2  
  140  8:28  Barracks Tech Lab x2  
  140  8:42  Bunker  
  140  8:47  Ghost Academy  
  140  8:48  Supply Depot  
  140  8:56  Marauder  
  140  8:57  Marauder x2  
  140  8:58  Marauder x2  
  140  8:59  Marine x4  
  154  9:10  Marine x2  
  154  9:12  Starport  
  154  9:17  Marine  
  156  9:21  Supply Depot  
  141  9:40  Marauder x4, Marine  
  141  9:41  Marauder, Marine  
  143  9:49  Marine  
  143  9:52  Marine x2  
  115  10:01  Marauder x2  
  115  10:02  Marauder x2  
  115  10:03  Marauder, Marine x3  
  117  10:07  Marine  
  117  10:08  Terran Infantry Weapons Level 2  
  117  10:13  SCV x3  
  119  10:18  Terran Infantry Armor Level 2  
  119  10:23  Marauder x4  
  119  10:24  Marauder  
  129  10:35  Command Center  
  129  10:39  Medivac  
  129  10:40  Medivac  
  129  10:41  Marine x4  
  129  10:42  Marine x2  
  139  10:52  Marauder x4  
  139  10:54  Marauder  
  149  11:05  Marine x2  
  149  11:06  Marine x2  
  149  11:09  Medivac x2  
  157  11:13  Ghost x4  
  152  11:36  Marine x2  
  152  11:38  Marauder  
  153  11:42  Marauder  
  153  11:43  Ghost  
  153  11:44  Ghost  
  153  11:45  Marine x3  
  162  11:47  SCV x2  
  162  11:48  Marine x2  
  162  11:51  Viking x2  
  170  12:02  SCV x3  
  170  12:04  Marauder x2  
  170  12:06  Marine x2, Marauder  
  181  12:12  Ghost  
  181  12:13  Marauder  
  182  12:24  Ghost  
  184  12:39  Fusion Core  
Show
View Real Time Build Order
Export as new Build Order

HoldTheDoor Protoss 

Build Orders: 1 Gate Expand, Chargelot Immortal 

Get SALT Encoding   

  12  0:01  Probe  
  13  0:13  Probe  
  14  0:18  Pylon  
  14  0:24  Probe  
  15  0:32  Probe  
  15  0:38  Gateway  
  15  0:40  Probe  
  17  0:50  Assimilator  
  17  0:51  Probe  
  18  1:03  Probe  
  19  1:07  Pylon  
  19  1:15  Probe  
  20  1:30  Cybernetics Core  
  21  1:37  Nexus  
  20  1:41  Pylon  
  20  1:46  Probe  
  21  1:50  Assimilator  
  21  1:58  Adept, Probe  
  24  2:10  Probe  
  24  2:14  Warp Gate  
  25  2:20  Shield Battery  
  25  2:22  Probe  
  26  2:32  Sentry  
  26  2:34  Probe  
  29  2:44  Gateway  
  29  2:46  Probe  
  30  2:53  Probe, Pylon  
  31  2:59  Probe  
  31  3:05  Probe  
  33  3:11  Probe  
  33  3:12  Twilight Council  
  34  3:17  Probe  
  34  3:18  Gateway  
  35  3:23  Gateway  
  35  3:25  Probe  
  36  3:35  Probe  
  37  3:44  Probe  
  37  3:47  Probe  
  39  3:49  Robotics Facility  
  39  3:50  Charge  
  39  3:57  Probe  
  39  3:59  Probe  
  41  4:04  Shield Battery  
  41  4:09  Probe, Zealot x2  
  46  4:12  Probe  
  46  4:14  Pylon  
  47  4:21  Probe  
  47  4:23  Pylon  
  47  4:24  Probe  
  49  4:25  Forge  
  49  4:30  Assimilator  
  49  4:32  Zealot  
  49  4:33  Zealot, Probe  
  49  4:35  Sentry  
  49  4:36  Probe  
  49  4:37  Immortal  
  57  4:39  Sentry  
  57  4:45  Probe  
  64  4:54  Pylon  
  64  4:55  Protoss Ground Weapons Level 1  
  64  4:58  Stalker x2  
  68  5:02  Pylon  
  68  5:05  Pylon  
  68  5:23  Stargate  
  68  5:27  Gateway  
  68  5:29  Gateway  
  68  5:30  Probe  
  68  5:34  Zealot  
  68  5:35  Zealot x2, Assimilator  
  75  5:37  Zealot  
  75  5:42  Immortal  
  77  5:46  Shield Battery  
  77  5:47  Pylon  
  79  6:10  Pylon  
  77  6:13  Pylon  
  77  6:16  Probe, Photon Cannon  
  78  6:25  Photon Cannon  
  78  6:26  Observer  
  78  6:31  Stalker x4  
  87  6:47  Nexus  
  87  6:49  Pylon  
  87  6:50  Probe  
  88  6:58  Templar Archives  
  88  7:07  Zealot x3  
  94  7:13  Immortal  
  94  7:15  Protoss Ground Armor Level 1  
  98  7:23  Zealot x2  
  98  7:24  Zealot  
  98  7:27  Zealot  
  98  7:29  Zealot  
  108  7:32  Zealot  
  110  7:41  Phoenix  
  112  7:48  Psionic Storm  
  112  8:03  Zealot x6  
  124  8:18  Probe x3  
  127  8:23  Phoenix  
  129  8:30  Probe, Immortal  
  134  8:43  Zealot x3  
  140  9:09  Photon Cannon  
  140  9:10  Photon Cannon  
  140  9:11  Photon Cannon, Pylon  
  140  9:14  Pylon  
  140  9:15  Shield Battery  
  140  9:16  Shield Battery, Assimilator  
  140  9:20  Shield Battery, Pylon, Assimilator  
  140  9:29  Phoenix  
  118  9:40  Stalker  
  118  9:41  Stalker x5  
  78  10:05  Zealot x2  
  78  10:06  Zealot x4  
  84  10:07  Phoenix  
  86  10:25  Gateway  
  86  10:27  Gateway x2  
  86  10:30  Probe x3  
  86  10:31  Gateway  
  86  10:33  Photon Cannon  
  86  10:34  High Templar x3  
  95  10:35  High Templar  
  95  10:36  High Templar  
  95  10:38  High Templar  
  95  10:42  Probe, Archon  
  102  10:47  Immortal  
  102  10:49  Probe  
  108  10:50  Probe  
  108  10:54  Probe  
  108  10:55  Assimilator  
  109  10:57  Pylon  
  109  11:02  Probe  
  110  11:08  Zealot x2  
  110  11:09  Zealot x2  
  118  11:12  Sentry  
  100  11:38  Zealot x5  
  100  11:39  Zealot x5  
  120  11:50  Gateway x2  
  120  11:56  Gateway  
  120  11:58  Gateway  
  120  12:00  High Templar x3  
  120  12:01  High Templar  
  128  12:04  Archon  
  128  12:05  Archon  
  128  12:06  High Templar  
  128  12:08  High Templar x3  
  132  12:09  High Templar x2  
  132  12:13  Archon x3  
  126  12:34  Observer  
  126  12:35  Zealot x4  
  135  12:58  Zealot x6  
  119  12:59  Zealot x5  
  119  13:02  Archon  
Tags
 
Add a new tag
Caveats
  • Supply blocks, unpowered buildings, or Contaminate may cause inaccurate times.
  • Supply counts are checked every 10 seconds.